 Dungeon Crawl Stone Soup version 0.29-a0-330-g52719c12eb (webtiles) character file.

Game seed: 17372056107924716794

17438 zishaf the Slinger (level 12, -10/56 HPs)
             Began as a Spriggan Hunter on Apr 12, 2022.
             Was a Follower of Uskayaw.
             Mangled by a caustic shrike simulacrum (32 damage)
             ... in an ice cave.
             The game lasted 00:46:03 (16281 turns).

zishaf the Slinger (Spriggan Hunter)               Turns: 16281, Time: 00:46:03

Health: -10/56     AC: 17    Str:  7    XL:     12   Next: 18%
Magic:  22/22      EV: 25    Int: 10    God:    Uskayaw [*.....]
Gold:   634        SH:  0    Dex: 24    Spells: 11/11 levels left

rFire   . . .      SeeInvis +   a - +2 hunting sling (flame)
rCold   . . .      Faith    .   (no shield)
rNeg    . . .      Spirit   .   R - +0 steam dragon scales
rPois   +          Reflect  .   f - +0 hat
rElec   .          Harm     .   r - +1 cloak
rCorr   .          Rampage  .   (gloves unavailable)
Will    ++...                   (boots unavailable)
Stlth   ++++......              (no amulet)
HPRegen 0.18/turn               q - +4 ring of protection
MPRegen 0.18/turn               M - +4 ring of protection

@: mighty, very quick
A: very small, no large weapons, unfitting armour, see invisible, speed 3,
iridescent scales 1, poison resistance
a: Renounce Religion, Stomp


You were in an ice cave.
You worshipped Uskayaw.
Uskayaw was pleased with you.
You visited 2 branches of the dungeon, and saw 14 of its levels.
You also visited: Sewer, Ossuary and Ice Cave.

You collected 634 gold pieces.

Inventory:

Hand Weapons
 a - a +2 hunting sling of flaming (weapon)
 b - a +1 dagger of venom
 s - a +2 falchion of holy wrath
 N - the +3 long sword of the Vulture {venom, rN+ Will+ Int+9 Stlth+}
   (You found it on level 8 of the Dungeon)

   It poisons the flesh of those it strikes.
   Int:       It affects your intelligence (+9).
   rN:        It protects you from negative energy.
   Will:      It increases your willpower.
   Stlth:     It makes you more stealthy.
 P - a +4 dagger
Missiles
 j - a throwing net
Armour
 f - a +0 hat (worn)
 m - a +0 troll leather armour {Pargi}
 p - a +0 robe
 r - a +1 cloak (worn)
 E - +0 acid dragon scales
 R - +0 steam dragon scales (worn)
Jewellery
 n - a ring of magical power
 q - a +4 ring of protection (left hand)
 t - a ring of ice
 u - a +4 ring of evasion
 J - a ring of flight
 M - a +4 ring of protection (right hand)
Wands
 h - a wand of polymorph (18)
 o - a wand of flame (19)
 I - a wand of iceblast (12)
 O - a wand of paralysis (6)
 Q - a wand of mindburst (8)
 S - a wand of digging (6)
Scrolls
 c - 3 scrolls of immolation
 e - 4 scrolls of fog
 k - 2 scrolls of summoning
 v - 5 scrolls of amnesia
 w - 3 scrolls of fear
 x - 2 scrolls of brand weapon
 y - 5 scrolls of teleportation
 F - a scroll of magic mapping
 K - 2 scrolls of enchant weapon
 L - 3 scrolls of vulnerability
Potions
 d - a potion of might
 g - a potion of lignification
 i - 9 potions of curing
 l - 4 potions of attraction
 z - a potion of experience {unknown}
 A - 2 potions of magic
 B - 4 potions of flight
 C - 2 potions of brilliance
 D - a potion of heal wounds
 G - 2 potions of ambrosia {unknown}


   Skills:
 - Level 3.0 Fighting
 + Level 8.7 Short Blades
 + Level 12.8 Slings
 - Level 8.0 Dodging
 - Level 7.0 Stealth
 * Level 12.8 Invocations
 + Level 5.5 Evocations


You had 11 spell levels left.
You didn't know any spells.
Your spell library contained the following spells:

 Spells                   Type           Power      Damage    Failure   Level
 Animate Skeleton         Necr           0%         N/A       36%         1
 Pain                     Necr           0%         1d4       36%         1
 Static Discharge         Conj/Air       0%         N/A       50%         2
 Vampiric Draining        Necr           0%         2d6       75%         3
 Dispel Undead            Necr           0%         3d6       98%         4
 Sticky Flame             Conj/Fire      0%         2d3       98%         4
 Freezing Cloud           Conj/Ice/Air   0%         6-21      100%        5
 Simulacrum               Ice/Necr       0%         N/A       100%        6
 Polar Vortex             Ice            0%         N/A       100%        9


Dungeon Overview and Level Annotations

Branches:
Dungeon (14/15)            Temple (1/1) D:4            Lair (0/6) D:11
    Orc (0/2) D:10          Sewer (visited)         Ossuary (visited)
  IceCv (1/1)
 Vaults: D:13-14

Altars:
Cheibriados
Kikubaaqudgha
Qazlal
Trog
Uskayaw
Xom

Shops:
D:5 *   D:8 =

Annotations:
D:10 2 transporters, 1 runed translucent door, zishaf's ghost, journeyman VSBr


Innate Abilities, Weirdness & Mutations

You are very small and have problems with some larger weapons.
You are too small for most types of armour.
You have supernaturally acute eyesight. (SInv)
You cover ground extremely quickly. (Speed+++)
You are partially covered in iridescent scales. (AC +2)
Your system is resistant to poisons. (rPois)


Message History

The lindwurm simulacrum is severely damaged.
The caustic shrike simulacrum claws you!
The caustic shrike simulacrum freezes you!!
Ouch! That really hurt!
* * * LOW HITPOINT WARNING * * *
You feel much better.
The caustic shrike simulacrum completely misses you.
The caustic shrike simulacrum barely misses you.
Fire: a) +2 hunting sling (flame)
Press: ? - help, Q - select action, (/) - cycle Shift-Dir - straight line, f/p - lindwurm simulacrum
Aim: a lindwurm simulacrum (severely damaged, 94% to hit)
You shoot a sling bullet.
The sling bullet hits the lindwurm simulacrum.
The sling bullet melts the lindwurm simulacrum.
The lindwurm simulacrum is almost destroyed.
The caustic shrike simulacrum barely misses you.
The lindwurm simulacrum completely misses you.
The lindwurm simulacrum barely misses you.
The lindwurm simulacrum closely misses you.
The dire elephant simulacrum tramples you but does no damage.
The dire elephant simulacrum misses you.
Fire: a) +2 hunting sling (flame)
Press: ? - help, Q - select action, (/) - cycle Shift-Dir - straight line, f/p - lindwurm simulacrum
Aim: a lindwurm simulacrum (almost destroyed, 94% to hit)
You shoot a sling bullet.
The sling bullet hits the lindwurm simulacrum but does no damage.
The lindwurm simulacrum is almost destroyed.
The caustic shrike simulacrum claws you!
The caustic shrike simulacrum freezes you!!
* * * LOW HITPOINT WARNING * * *
The caustic shrike simulacrum claws you but does no damage.
The lindwurm simulacrum misses you.
The lindwurm simulacrum completely misses you.
The lindwurm simulacrum barely misses you.
The dire elephant simulacrum misses you. x2
You feel much better.
The caustic shrike simulacrum claws you.
The caustic shrike simulacrum freezes you!!
Ouch! That really hurt!
You die...

#......?......#
#....8.u.8....#
#.............#
#.Z.......Z.#
#...........#
#.......Z...#
#...ZZZ...#
#...@...#
##..∩..##
#######


You could see a white very ugly thing (asleep), a six-headed hydra simulacrum, 2
dire elephant simulacra, 2 lindwurm simulacra and a caustic shrike simulacrum.

Vanquished Creatures
  Snorg (D:11)
  A hydra (D:11)
  A death knight (D:11)
  6 two-headed ogres
  3 phantasmal warriors
  A manticore (D:11)
  A gargoyle (D:11)
  A komodo dragon (D:11)
  A hornet (D:10)
  Sigmund (D:5)
  2 wraiths
  3 wyverns
  21 yaks
  4 steam dragons
  2 acid dragons
  2 water moccasins
  5 orc warriors
  4 ice beasts
  A sky beast (D:8)
  A black bear (D:5)
  Pargi (Sewer)
  A tengu (D:6)
  4 ogres
  6 centaurs
  A kobold brigand (D:9)
  5 scorpions
  A necrophage (D:5)
  3 bullfrogs
  3 water moccasin zombies (Ossuary)
  6 wights
  5 killer bees (D:9)
  An electric eel (D:8)
  4 hounds
  2 jellies
  7 orc priests
  2 gnoll shamans (D:7)
  Crazy Yiuf (D:2)
  An iguana (D:5)
  15 orc wizards
  2 mummies (Ossuary)
  Robin (D:2)
  17 gnolls
  10 adders
  2 white imps
  2 ufetubi (D:6)
  12 adder zombies (Ossuary)
  A worm (D:3)
  2 dart slugs (D:2)
  42 orcs
  7 ball pythons
  5 endoplasms
  4 giant cockroaches
  11 goblins
  10 hobgoblins
  4 jackals (D:2)
  6 quokkas
  12 bats
  7 frilled lizards
  7 gnoll zombies (Ossuary)
  6 hobgoblin zombies (Ossuary)
  16 kobolds
  A kobold zombie (Ossuary)
  9 orc zombies (Ossuary)
  A quokka zombie (D:6)
  7 rats
  A rat zombie (D:6)
336 creatures vanquished.

Vanquished Creatures (collateral kills)
  A hobgoblin (D:4)
1 creature vanquished.

Vanquished Creatures (others)
  A fungus (D:2)
1 creature vanquished.

Grand Total: 338 creatures vanquished

Notes
Turn   | Place    | Note
-------+----------+-------------------------------------------
     0 | D:1      | zishaf the Spriggan Hunter began the quest for the Orb.
     0 | D:1      | Reached XP level 1. HP: 10/10 MP: 2/2
    79 | D:1      | Reached skill level 5 in Slings
   130 | D:1      | Reached XP level 2. HP: 14/14 MP: 3/3
   753 | D:2      | Reached XP level 3. HP: 18/18 MP: 4/4
   777 | D:2      | Found a faded altar of an unknown god.
   927 | D:2      | Noticed Robin
   945 | D:2      | Killed Robin
  1186 | D:2      | Reached XP level 4. HP: 22/22 MP: 5/5
  1462 | D:2      | Found a runed translucent door.
  1463 | D:2      | Noticed Crazy Yiuf
  1531 | D:2      | Killed Crazy Yiuf
  1820 | D:2      | Reached XP level 5. HP: 10/25 MP: 6/6
  2219 | D:3      | Reached skill level 5 in Dodging
  2691 | D:3      | Reached XP level 6. HP: 24/30 MP: 7/7
  3151 | D:4      | Found a staircase to the Ecumenical Temple.
  3160 | Temple   | Entered the Ecumenical Temple
  3169 | Temple   | Became a worshipper of Uskayaw the Reveller
  3183 | D:4      | Reached * piety under Uskayaw
  3198 | D:4      | Reached ** piety under Uskayaw
  3213 | D:4      | Reached *** piety under Uskayaw
  3316 | D:4      | Reached skill level 1 in Invocations
  3711 | D:4      | Reached XP level 7. HP: 35/35 MP: 9/9
  4047 | D:5      | Entered Level 5 of the Dungeon
  4058 | D:5      | Noticed Sigmund
  4063 | D:5      | Reached **** piety under Uskayaw
  4065 | D:5      | Killed Sigmund
  4177 | D:5      | Reached XP level 8. HP: 22/39 MP: 11/11
  4310 | D:5      | Found Inearij's Mayhem Merchandise.
  4341 | D:5      | Found a glowing drain.
  4346 | Sewer    | Entered a sewer
  4373 | Sewer    | Noticed Pargi
  4379 | Sewer    | Killed Pargi
  4962 | D:5      | Reached skill level 5 in Invocations
  5231 | D:6      | Noticed Maggie
  5240 | D:6      | Noticed Maggie
  5240 | D:6      | Maggie changed into Maggie the tengu
  5261 | D:6      | Killed Maggie the tengu
  5262 | D:6      | Reached skill level 5 in Stealth
  5341 | D:6      | Found a sand-covered staircase.
  5352 | Ossuary  | Entered an ossuary
  5470 | Ossuary  | Reached ***** piety under Uskayaw
  5737 | D:6      | Reached XP level 9. HP: 44/44 MP: 14/14
  5820 | D:6      | Found a bloodstained altar of Trog.
  5975 | D:6      | Reached skill level 1 in Short Blades
  6300 | D:6      | Gained mutation: Your spells are a little easier to cast,
                  | but a little less powerful. [potion of mutation]
  6300 | D:6      | Gained mutation: Potions are less effective at restoring
                  | your health. [potion of mutation]
  6301 | D:6      | Lost mutation: Potions are less effective at restoring your
                  | health. [potion of mutation]
  6301 | D:6      | Lost mutation: Your spells are a little easier to cast, but
                  | a little less powerful. [potion of mutation]
  6301 | D:6      | Gained mutation: You are agile. (Dex +2) [potion of
                  | mutation]
  6301 | D:6      | Gained mutation: Your body sometimes deteriorates upon
                  | taking damage. [potion of mutation]
  6582 | D:7      | Noticed a two-headed ogre
  6607 | D:7      | Killed a two-headed ogre
  6701 | D:7      | Reached skill level 10 in Slings
  6929 | D:8      | Reached XP level 10. HP: 49/49 MP: 17/17
  7177 | D:8      | Noticed a two-headed ogre
  7198 | D:8      | Killed a two-headed ogre
  7208 | D:8      | Identified the +3 long sword of the Vulture {venom, rN+
                  | Will+ Int+9 Stlth+}
  7427 | D:8      | Reached skill level 5 in Short Blades
  7435 | D:8      | Found Ypiut's Jewellery Shoppe.
  7853 | D:9      | Noticed a two-headed ogre
  7888 | D:9      | Killed a two-headed ogre
  7889 | D:9      | Reached skill level 10 in Invocations
  8043 | D:9      | Noticed a two-headed ogre
  8101 | D:9      | Killed a two-headed ogre
  8606 | D:10     | Entered Level 10 of the Dungeon
  8748 | D:10     | Reached XP level 11. HP: 52/52 MP: 20/20
  8998 | D:10     | Found a transporter.
  9009 | D:10     | Found a staircase to the Orcish Mines.
  9427 | D:10     | Found a transporter.
  9453 | D:10     | Found a runed translucent door.
  9453 | D:10     | Found a shimmering altar of Xom.
  9453 | D:10     | Noticed a +2 rapier of chaos
  9453 | D:10     | Noticed zishaf's ghost (journeyman VSBr)
  9598 | D:10     | Found a transporter.
 10004 | D:10     | Found a transporter.
 10121 | D:10     | Found a runed translucent door.
 10121 | D:10     | Found a shimmering altar of Xom.
 10185 | D:10     | Found a staircase to the Orcish Mines.
 10304 | D:11     | Noticed a phantasmal warrior
 10305 | D:11     | Noticed a phantasmal warrior
 10314 | D:11     | Noticed a phantasmal warrior
 10320 | D:11     | Noticed a death knight
 10393 | D:8      | Lost mutation: You are agile. (Dex +2) [potion of mutation]
 10393 | D:8      | Lost mutation: Your body sometimes deteriorates upon taking
                  | damage. [potion of mutation]
 10393 | D:8      | Gained mutation: Your mind is acute. (Int +2) [potion of
                  | mutation]
 10393 | D:8      | Gained mutation: Your body sometimes deteriorates upon
                  | taking damage. [potion of mutation]
 10393 | D:8      | Gained mutation: You occasionally shout uncontrollably at
                  | your foes. [potion of mutation]
 10393 | D:8      | Gained mutation: Your spells are a little harder to cast,
                  | but a little more powerful. [potion of mutation]
 10394 | D:8      | Lost mutation: Your mind is acute. (Int +2) [potion of
                  | mutation]
 10394 | D:8      | Lost mutation: You occasionally shout uncontrollably at
                  | your foes. [potion of mutation]
 10394 | D:8      | Lost mutation: Your body sometimes deteriorates upon taking
                  | damage. [potion of mutation]
 10394 | D:8      | Lost mutation: Your spells are a little harder to cast, but
                  | a little more powerful. [potion of mutation]
 10394 | D:8      | Gained mutation: Your body sometimes deteriorates upon
                  | taking damage. [potion of mutation]
 10394 | D:8      | Gained mutation: Armour fits poorly on your strangely
                  | shaped body. [potion of mutation]
 10395 | D:8      | Lost mutation: Armour fits poorly on your strangely shaped
                  | body. [potion of mutation]
 10395 | D:8      | Lost mutation: Your body sometimes deteriorates upon taking
                  | damage. [potion of mutation]
 10395 | D:8      | Gained mutation: Your system is resistant to poisons.
                  | (rPois) [potion of mutation]
 10395 | D:8      | Gained mutation: You are partially covered in iridescent
                  | scales. (AC +2) [potion of mutation]
 12195 | D:9      | Killed a phantasmal warrior
 12196 | D:9      | Reached skill level 1 in Evocations
 12795 | D:10     | Killed a phantasmal warrior
 12847 | D:10     | Found a staircase to the Orcish Mines.
 12860 | D:10     | Found a transporter.
 12884 | D:10     | Found a transporter.
 12908 | D:10     | Found a runed translucent door.
 12908 | D:10     | Found a shimmering altar of Xom.
 13661 | D:10     | Killed a phantasmal warrior
 13851 | D:11     | Noticed a two-headed ogre
 13888 | D:11     | Killed a two-headed ogre
 14314 | D:11     | Found a staircase to the Lair.
 14319 | D:11     | Noticed Maurice
 14339 | D:11     | Noticed Maurice
 14339 | D:11     | Maurice changed into Maurice the acid dragon
 14358 | D:11     | Killed Maurice the acid dragon
 14720 | D:11     | Noticed a two-headed ogre
 14773 | D:11     | Killed a two-headed ogre
 15263 | D:11     | Killed a death knight
 15494 | D:11     | Noticed Snorg
 15563 | D:11     | Killed Snorg
 15642 | D:11     | Reached XP level 12. HP: 55/56 MP: 22/22
 15735 | D:11     | Reached skill level 5 in Evocations
 16076 | D:11     | Noticed a five-headed hydra
 16104 | D:11     | Killed a five-headed hydra
 16254 | D:12     | You fall into a shaft and drop 2 floors!
 16266 | D:14     | Found a frozen archway.
 16267 | D:14     | Noticed a white very ugly thing
 16273 | IceCv    | Entered an ice cave
 16273 | IceCv    | Noticed a white very ugly thing
 16281 | IceCv    | Mangled by a caustic shrike simulacrum

Illustrated notes

Levels and vault maps discovered:
D:1:      ncdulo_smallfort, layout_rooms, minivault_26
D:2:      layout_rooms, shapermc_ecumenical_altar_ellora,
          chequers_decorated_corner, kennysheep_generic_room_14,
          uniq_crazy_yiuf_cottage, uniq_robin
D:3:      layout_basic, minmay_misc_feat_five
D:4:      layout_loops_ring, minmay_temple_entry_junction,
          kennysheep_generic_room_4
D:5:      layout_basic, portal_sewer_entry_e,
          eino_small_chamber_without_monster, minmay_shop_mayhem, uniq_sigmund
D:6:      layout_basic, lightli_temple_of_fire, enter_ossuary_4,
          corexii_corridor_pit, kennysheep_generic_room_16, uniq_maggie
D:7:      layout_rooms
D:8:      layout_cave_pools, serial_shops, nicolae_lakefront_shop,
          supply_closet_lemuel, small_statue_intersection,
          kennysheep_cluttered_room, nrook_uturn
D:9:      layout_gridville
D:10:     gammafunk_cloud_chamber, layout_rooms, david_orc_2, ebering_ghost_xom,
          minivault_27, grunt_ministairs_13, kennysheep_cross_bottleneck
D:11:     kennysheep_six_static_rooms, layout_stronghold, lair_entry_dummy,
          uniq_maurice, uniq_snorg
D:12:     layout_rooms, hellmonk_ghost_happy_afterlife, uniq_jorgrun,
          uniq_josephine
D:14:     layout_basic, david_vaults_4, chequers_serial_rivers_micro_c,
          portal_ice_cave_entry_ugly_swarm
Temple:   nicolae_temple_the_god_donut
IceCv:    ice_cave_statue_garden_transporter

Skill      XL: |  1  2  3  4  5  6  7  8  9 10 11 12 |
---------------+-------------------------------------+-----
Stealth        | 2 3 4 6 7 |  7.0
Slings         | 5 6 7 8 10 11 12 | 12.8
Dodging        | 3 4 5 6 7 8 |  8.0
Invocations    | 2 3 6 8 10 12 | 12.8
Fighting       | 2 3 |  3.0
Short Blades   | 4 6 8 |  8.7
Evocations     | 4 5 |  5.5

Action                   |  1- 3 |  4- 6 |  7- 9 | 10-12 || total
-------------------------+-------+-------+-------+-------++-------
Melee: Dagger            |       |    58 |   108 |   247 ||   413
       Punch             |       |     1 |     1 |     8 ||    10
       Falchion          |       |       |       |    11 ||    11
 Fire: Hunting sling     |   121 |   216 |   343 |   612 ||  1292
Invok: Stomp             |       |       |       |     1 ||     1
Evoke: Wand              |       |       |     7 |     1 ||     8
  Use: Scroll            |       |     9 |     7 |     8 ||    24
       Potion            |       |       |     3 |     8 ||    11
 Stab: Sleeping          |       |       |     5 |     4 ||     9
       Paralysed         |       |       |     4 |     4 ||     8
Armor: Robe              |     1 |    11 |     4 |       ||    16
       Troll leather arm |       |       |    26 |    21 ||    47
       Acid dragon scale |       |       |       |    14 ||    14
       Skin              |       |       |       |     9 ||     9
       Steam dragon scal |       |       |       |     8 ||     8
Dodge: Dodged            |    42 |   108 |   244 |   288 ||   682

Table legend: (Time is in decaauts)
 A = Elapsed time spent in this place.
 B = Non-inter-level travel time spent in this place.
 C = Inter-level travel time spent in this place.
 D = Time resting spent in this place.
 E = Time spent auto-exploring this place.
 F = Levels seen in this place.
 G = Mean time per level.
                   A        B        C        D        E       F      G
               +--------+--------+--------+--------+--------+-----+--------+
         Total |  11858 |  11414 |    444 |   2063 |   5535 |  17 |  697.5 |
       Dungeon |  11509 |  11068 |    441 |   2063 |   5457 |  13 |  885.3 |
        Temple |     10 |      7 |      3 |      0 |      0 |   1 |   10.0 |
         Sewer |    142 |    142 |      0 |      0 |     78 |   1 |  142.0 |
       Ossuary |    188 |    188 |      0 |      0 |      0 |   1 |  188.0 |
      Ice Cave |      7 |      7 |      0 |      0 |      0 |   1 |    7.0 |
               +--------+--------+--------+--------+--------+-----+--------+

Top non-repeatable levels by time:
    D:10: 1987 daAuts
    D:11: 1827 daAuts
     D:9: 1634 daAuts
     D:2: 1239 daAuts
     D:8: 1235 daAuts
     D:4: 708 daAuts
     D:3: 673 daAuts
     D:5: 628 daAuts
     D:6: 620 daAuts
     D:1: 524 daAuts
     D:7: 391 daAuts
 Ossuary: 188 daAuts
   Sewer: 142 daAuts
    D:12: 25 daAuts
    D:14: 12 daAuts
